 Dungeon Crawl Stone Soup version 0.22-a0-42-g002c468 (webtiles) character file.

47 shenanigans the Firebug (level 3, -1/26 HPs)
             Began as a Barachi Fire Elementalist on Jan 5, 2018.
             Slain by Crazy Yiuf
             ... wielding a +3 quarterstaff of chaos
              (7 damage)
             ... while paralysed by Crazy Yiuf
             ... on level 2 of the Dungeon.
             The game lasted 00:03:10 (2295 turns).

shenanigans the Firebug (Barachi Fire Elementalist) Turns: 2295, Time: 00:03:11

Health: -1/26      AC:  2    Str:  9    XL:     3   Next: 70%
Magic:  3/7        EV:  2    Int: 16    God:
Gold:   89         SH:  0    Dex: 12    Spells: 6/7 levels left

rFire    . . .     SeeInvis .   h - +2 dagger (speed)
rCold    . . .     Gourm    .   (no shield)
rNeg     + + +     Faith    .   a - +0 robe
rPois    ∞         Spirit   .   (no helmet)
rElec    .         Reflect  .   (no cloak)
rCorr    .         Harm     .   (no gloves)
MR       .....                  (no boots)
Stlth    ++........             (no amulet)
HPRegen  0.08/turn              (no ring)
MPRegen  0.10/turn              (no ring)

@: paralysed, petrified, slow
A: +LOS, swims, slowness 1, strong legs 1
a: Hop


You were on level 2 of the Dungeon.
You were very hungry.

You visited 1 branch of the dungeon, and saw 2 of its levels.

You collected 89 gold pieces.

Inventory:

Hand Weapons
 e - a +0 dagger
 h - a +2 dagger of speed (weapon)
 l - a +0 hand axe
Armour
 a - a +0 robe (worn)
Scrolls
 d - 2 scrolls of identify {unknown}
 f - 4 scrolls of remove curse {unknown}
 i - 3 scrolls of teleportation {unknown}
 j - a scroll of fear {unknown}
 k - 2 scrolls of enchant weapon {unknown}
Potions
 g - a potion of lignification {unknown}
 m - a potion of agility {unknown}
Books
 b - a book of Flames

   Spells                             Type                      Level
   a - Flame Tongue                   Conjuration/Fire             1
   b - Throw Flame                    Conjuration/Fire             2
   c - Conjure Flame                  Conjuration/Fire             3
   d - Inner Flame                    Hexes/Fire                   3
   e - Sticky Flame                   Conjuration/Fire             4
   f - Fireball                       Conjuration/Fire             5
Comestibles
 c - 4 rations


   Skills:
 + Level 1.0 Fighting
 + Level 0.0 Armour
 + Level 2.4 Dodging
 + Level 2.1 Stealth
 * Level 2.8 Spellcasting
 * Level 2.1 Conjurations
 + Level 3.4 Fire Magic


You had 6 spell levels left.
You knew the following spells:

 Your Spells              Type           Power        Failure   Level  Hunger
a - Flame Tongue          Conj/Fire      ##...        6%          1    #......


Dungeon Overview and Level Annotations

Branches:
Dungeon (2/15)

Altars:

Annotations:
D:2 Crazy Yiuf


Innate Abilities, Weirdness & Mutations

Shadows flee at your approach. (+LOS)
You can swim through water.
You cover ground slowly.
You can hop short distances.


Message History

Crazy Yiuf hits you with a quarterstaff of chaos!
You are slowing down.
Unknown command.
Casting: Flame Tongue
Confirm with . or Enter, or press ? or * to list all spells.
Aiming: Flame Tongue
Press: ? - help, Shift-Dir - straight line, f/p - Crazy Yiuf
Aim: Crazy Yiuf, wielding a quarterstaff of chaos and wearing a glowing cloak (moderately wounded)
The flame tongue hits Crazy Yiuf.
Crazy Yiuf is severely wounded.
Crazy Yiuf closely misses you.
Crazy Yiuf says, "Cake broken snockshim!"
Crazy Yiuf hits you with a quarterstaff of chaos.
You suddenly lose the ability to move!
Your limbs are stiffening.
Crazy Yiuf barely misses you.
You have turned to stone.
Crazy Yiuf hits you with a quarterstaff of chaos!
Crazy Yiuf freezes you.
* * * LOW HITPOINT WARNING * * *
Crazy Yiuf hits you with a quarterstaff of chaos!
You die...

.................................
#.#.#..##.###########.#########.#
..#'#..##..# ### #######'#
.......##..# #........
.......##..# ##### ####..[.....
.......##..# #..)# #...........
.......##..# #).)# ####........
...÷...##..# #.g.# ####........
........#..# #@# #...........
...).#..#..# ♣♣.♣ ####........
.....#..#..# ♣.♣♣ #........
.....#..#..# ♣♣)♣ #####.#.#
.....#..#### ♣.♣♣ #.#.# .....#..#
♣♣)♣♣ #.#.# #.#'##..### ♣)..♣♣
########.#.. #.........# ♣....♣
#.....##.#.. ........#.# ##..##
#.....##.#..


You could see Crazy Yiuf.

Vanquished Creatures
  3 oozes
  A worm (D:2)
  5 bats
  A giant cockroach (D:2)
  7 goblins
  5 hobgoblins
  5 kobolds
  A frilled lizard (D:2)
  A rat (D:1)
29 creatures vanquished.

Notes
Turn   | Place    | Note
-------+----------+-------------------------------------------
     0 | D:1      | shenanigans the Barachi Fire Elementalist began the quest for the Orb.
     0 | D:1      | Reached XP level 1. HP: 13/13 MP: 3/3
   250 | D:1      | Reached XP level 2. HP: 19/19 MP: 0/5
   912 | D:2      | Reached XP level 3. HP: 18/25 MP: 6/6
  1103 | D:2      | Found a runed door.
  2036 | D:2      | Reached skill level 1 in Fighting
  2286 | D:2      | Noticed Crazy Yiuf
  2291 | D:2      | Paralysed by Crazy Yiuf for 7 turns
  2295 | D:2      | Slain by Crazy Yiuf

Vault maps used:
D:1:      dpeg_arrival_three_same_balls, hex_medium
D:2:      uniq_crazy_yiuf_cottage

Skill      XL: |  1  2  3 |
---------------+----------+-----
Stealth        | 2 |  2.1
Conjurations   | 2 |  2.1
Fighting       | 1 |  1.0
Dodging        | |  2.4
Spellcasting   | |  2.8
Fire Magic     | |  3.4

Action                   || total
-------------------------++-------
Melee: Dagger            ||    51
       Unarmed           ||     3
 Cast: Flame Tongue      ||    38
 Stab: Sleeping          ||     1
  Eat: Chunk             ||     4
Armor: Robe              ||    11
Dodge: Dodged            ||    50

Table legend:
 A = Spawn XP
 B = Non-spawn XP
 C = Spawn XP percentage of total XP
 D = Spawn monster count
 E = Non-spawn monster count
 F = Spawn count percentage of total count
 G = Total turns spent on level
                    A         B        C        D         E        F      G
               +---------+---------+-------+---------+---------+-------+---------
         Total |       0 |      68 |   0.0 |       0 |      29 |   0.0 |  2295
               +---------+---------+-------+---------+---------+-------+---------
           D:1 |       0 |      28 |   0.0 |       0 |      13 |   0.0 |   897
           D:2 |       0 |      40 |   0.0 |       0 |      16 |   0.0 |  1398
               +---------+---------+-------+---------+---------+-------+---------
